 Dungeon Crawl Stone Soup version 0.26-a0-852-g6321bf7485 (webtiles) character file.

Game seed: 3859774865236518568

130 pablito the Insei (level 5, -1/33 HPs)
             Began as an Octopode Transmuter on Nov 21, 2020.
             Slain by an orc
             ... wielding a +0 mace
              (4 damage)
             ... on level 3 of the Dungeon.
             The game lasted 00:10:02 (2574 turns).

pablito the Insei (Octopode Transmuter)             Turns: 2574, Time: 00:10:03

Health: -1/33      AC:  1    Str:  6 (9)  XL:     5   Next: 13%
Magic:  8/8        EV: 13    Int: 14 (15) God:
Gold:   53         SH:  0    Dex: 13 (14) Spells: 2/8 levels left

rFire    . . .     SeeInvis .     - Unarmed
rCold    . . .     Faith    .   (no shield)
rNeg     . . .     Spirit   .   (helmet currently unavailable)
rPois    .         Reflect  .   (no amulet)
rElec    .         Harm     .   n - ring of protection from magic
rCorr    .         Rampage  .   (no ring)
MR       +....                  (no ring)
Stlth    +++.......             (no ring)
HPRegen  0.11/turn              (no ring)
MPRegen  0.11/turn              (no ring)
                                (no ring)
                                (no ring)

@: mighty, appendages
A: almost no armour, stealthy swim, amphibious, 8 rings, constrict 8, tentacle
spike 3, camouflage 1, gelatinous body 1
a: End Transformation


You were on level 3 of the Dungeon.
One of your tentacles had a temporary spike.
You visited 1 branch of the dungeon, and saw 4 of its levels.

You collected 53 gold pieces.

Inventory:

Missiles
 d - 108 stones
 f - 4 javelins (quivered)
Armour
 g - a +0 kite shield
 o - a +0 helmet
Jewellery
 k - an uncursed amulet of faith
 n - a ring of protection from magic (left tentacle)
Scrolls
 b - a scroll of noise {unknown}
 h - 2 scrolls of teleportation {unknown}
 j - 2 scrolls of enchant armour {unknown}
 l - 2 scrolls of amnesia {unknown}
 m - 2 scrolls of identify {unknown}
Potions
 a - a potion of magic {unknown}
 c - 2 potions of might
 e - 2 potions of degeneration
 i - a potion of curing {unknown}


   Skills:
 - Level 1.0 Fighting
 - Level 2.0 Dodging
 + Level 1.2 Stealth
 + Level 2.0 Shields
 + Level 4.1 Unarmed Combat
 - Level 2.1 Spellcasting
 + Level 3.2 Transmutations


You had 2 spell levels left.
You knew the following spells:

 Your Spells              Type           Power        Failure   Level
a - Beastly Appendage     Tmut           ##....       6%          1
b - Wereblood             Tmut           ##......     10%         2
c - Spider Form           Tmut/Pois      #.........   36%         3

Your spell library contained the following spells:

 Spells                   Type           Power        Failure   Level
 Corona                   Hex            #......      24%         1
 Ensorcelled Hibernation  Hex/Ice        #.....       34%         2
 Confusing Touch          Hex            #.......     56%         3
 Dazzling Flash           Conj/Hex       #.....       56%         3
 Tukima's Dance           Hex            #.......     56%         3
 Ice Form                 Ice/Tmut       #.......     77%         4
 Blade Hands              Tmut           ##........   87%         5


Dungeon Overview and Level Annotations

Branches:
Dungeon (4/15)
 Temple: D:4-7

Altars:
Uskayaw


Innate Abilities, Weirdness & Mutations

You cannot wear most types of armour.
You are very stealthy in the water. (Stealth+)
You are amphibious.
You can wear up to eight rings at the same time.
You can use your tentacles to constrict eight enemies at once.
Your skin changes colour to match your surroundings (Stealth+).
Your rubbery body absorbs attacks. (AC +1, EV +1)
One of your tentacles bears a large vicious spike.


Message History

The orc hits you with a +0 mace!
The orc wizard hits you with a +0 dagger.
You closely miss the orc wizard. Your grab misses the orc wizard.
You squeeze the orc wizard.
The orc wizard is heavily wounded.
The orc hits you with a +0 mace!
* * * LOW HITPOINT WARNING * * *
It was a potion of might.
You feel very mighty all of a sudden. The orc wizard closely misses you.
You barely miss the orc wizard. Your grab misses the orc wizard.
Your tentacle spike misses the orc wizard.
The orc wizard is heavily wounded.
The orc wizard mumbles some strange words.
The orc wizard seems to speed up.
The orc completely misses you.
It was a potion of degeneration.
There was something very wrong with that liquid.
You feel weakened.
You feel dopey.
You feel clumsy. The orc wizard barely misses you.
The orc hits you with a +0 mace.
You die...

#.............#
#.............#
#.............#
#............?###.#
#.................#
####.............###?###
#................#......
#.......#######.>o......
........# ##@#.#####
#.......# #o#.#
.#.###### #[# # # #.#
...............
#######.#o.....
#.####### #.. ###


You could see an orc wizard (fast) and an orc.

Vanquished Creatures
  An orc wizard (D:3)
  3 gnolls (D:2)
  An adder (D:2)
  2 oozes
  A worm (D:2)
  2 dart slugs (D:2)
  3 orcs
  A ball python (D:3)
  3 giant cockroaches
  8 goblins
  3 hobgoblins
  3 kobolds
  7 bats
  2 frilled lizards
  6 rats
46 creatures vanquished.

Notes
Turn   | Place    | Note
-------+----------+-------------------------------------------
     0 | D:1      | pablito the Octopode Transmuter began the quest for the
                  | Orb.
     0 | D:1      | Reached XP level 1. HP: 13/13 MP: 3/3
   225 | D:1      | Reached XP level 2. HP: 18/18 MP: 3/5
   786 | D:1      | You fall into a shaft and drop 1 floor!
   900 | D:2      | Reached XP level 3. HP: 23/23 MP: 4/6
  1148 | D:1      | Found a hide-covered altar of Uskayaw.
  1254 | D:2      | Reached skill level 1 in Shields
  1262 | D:2      | Reached XP level 4. HP: 21/28 MP: 7/7
  1265 | D:2      | Learned a level 2 spell: Wereblood
  1269 | D:2      | Learned a level 3 spell: Spider Form
  1825 | D:2      | Reached skill level 4 in Unarmed Combat
  2435 | D:3      | Reached skill level 1 in Stealth
  2435 | D:3      | Reached XP level 5. HP: 24/33 MP: 8/8
  2571 | D:3      | HP: 2/33 [orc/+0 mace (10)]
  2574 | D:3      | Slain by an orc

Illustrated notes

Levels and vault maps discovered:
D:1:      dpeg_arrival_lava_altar, layout_basic
D:2:      layout_basic, patterned_corridor
D:3:      layout_basic
D:4:      layout_rooms, temple_hall, serial_corexii_hall,
          chequers_hall_statues_y, corexii_hall_statues_i

Skill      XL: |  1  2  3  4 |
---------------+-------------+-----
Shields        | 1 2 |  2.0
Transmutations | 3 |  3.2
Unarmed Combat | 4 |  4.1
Stealth        | 1 |  1.2
Fighting       | |  1.0
Dodging        | |  2.0
Spellcasting   | |  2.1

Action                   |  1- 3 |  4- 6 || total
-------------------------+-------+-------++-------
Melee: Unarmed           |    54 |    62 ||   116
       Kick              |    13 |    12 ||    25
       Constrict         |    14 |    15 ||    29
       Tentacles         |     5 |     4 ||     9
       Punch             |     2 |       ||     2
Throw: Stone             |     2 |       ||     2
       Javelin           |     2 |       ||     2
 Cast: Beastly Appendage |    18 |    17 ||    35
  Use: Potion            |       |     2 ||     2
 Stab: Sleeping          |     2 |     2 ||     4
Armor: Skin              |     4 |     3 ||     7
Dodge: Dodged            |    32 |    50 ||    82

Table legend: (Time is in decaauts)
 A = Elapsed time spent in this place.
 B = Non-inter-level travel time spent in this place.
 C = Inter-level travel time spent in this place.
 D = Time resting spent in this place.
 E = Time spent auto-exploring this place.
 F = Levels seen in this place.
 G = Mean time per level.
                   A        B        C        D        E       F      G
               +--------+--------+--------+--------+--------+-----+--------+
         Total |   2569 |   2384 |    185 |    118 |   1854 |   4 |  642.2 |
       Dungeon |   2569 |   2384 |    185 |    118 |   1854 |   4 |  642.2 |
               +--------+--------+--------+--------+--------+-----+--------+

Top non-repeatable levels by time:
     D:1: 1034 daAuts
     D:2: 984 daAuts
     D:3: 428 daAuts
     D:4: 122 daAuts
